cohdb
Replays
Latest Replays
All Replays
Popular Replays
Top Player Replays
Match Explorer
How It Works
Community
CoH3 Stats
Reddit
Sign in to upload your games and track your stats! →
Sign in with Steam
Match 42836371
Unlisted
Match 42836371
Overview
Messages
Build Orders
End
Selects Italian Combined Arms Battlegroup
Selects Bersaglieri Squad
Bersaglieri Squad
Bersaglieri Squad
Construct Light Support Kompanie
Bersaglieri Squad
2.5-tonne Medical Truck
Fire Support Elements
Selects Bersaglieri Bolster
Pak 38 Mechanized Group
Combat Half-tracks
Bersaglieri Squad
Selects Breda Model 30 Light Machine Guns
Construct Panzerarmee Kommand
Walking Stuka Rocket Launcher
Selects Semovente da 75/18 Assault Gun
Panzer III L Medium Tank
Walking Stuka Rocket Launcher
Selects Carro Armato M13/40 Light Tank
Emergency Repair Kits
Flak 36 Anti-tank Gun Team
Selects Artillery Cover
Artillery Cover
Panzer III L Medium Tank
Artillery Cover
Panzer III L Medium Tank
Armored Reserves
Rapid Advance
Artillery Cover
Tiger Heavy Tank
Vehicle Survival Package
Advanced Optics
Artillery Cover
Construct Mechanized Kompanie
Panzer III L Medium Tank
kerem
ShadowStorm
嫂子开门我是我哥
yourdad
HONGHA
[LTD] Charette
Gaster
Pukich
0
0
Comments
sign in to comment!
No comments posted yet!